AoeStats
← [CL] Al3jandr0.magn00

MegaRandom

505564557Analyzed
1v1 RM · 21d ago on Sep 10, 2026· 45m 26s· 2 players
Game mode
Random Map
Map size
Tiny (2 player)
Population
200
Speed
Normal
Resources
Standard
Victory
Conquest
Starting age
Dark Age
Ending age
Imperial Age
RankedLock teamsTeams togetherTeam positionsShared explorationLock speedFull tech treeHidden civsTurbo modeCheats
Victory
Defeat
🇦🇷 Sicilians · Argentina
1915
+11
🇺🇸 Britons · United States
1814
-11
[CL] Al3jandr0.magn00
0:30 Loom
10:34 Feudal Age
11:34 Double-Bit Axe
20:24 Fishing Lines
23:47 Castle Age
22:33 Bloodlines
22:30 Scale Barding Armor
22:15 Horse Collar
22:26 Gold Mining
24:57 Medium Warships
25:04 Bow Saw
29:29 Wheelbarrow
30:26 Town Watch
33:37 Chain Barding Armor
36:01 Gold Shaft Mining
38:16 Imperial Age
36:49 Fletching
36:59 Padded Archer Armor
36:52 Elite Skirmisher
38:19 Bodkin Arrow
38:41 Stone Mining
39:02 Bracer
39:49 Leather Archer Armor
40:09 Ballistics
40:49 Chemistry
41:36 Cavalier
43:56 Plate Barding Armor
vilage idoit
0:29 Loom
10:24 Feudal Age
10:52 Double-Bit Axe
14:51 Wheelbarrow
16:33 Horse Collar
23:18 Castle Age
22:29 Fletching
22:33 Gold Mining
23:24 Crossbowman
24:00 Bodkin Arrow
26:19 Town Watch
26:57 Medium Warships
26:11 Demolition Ship
27:34 Padded Archer Armor
28:56 Ballistics
34:46 Imperial Age
35:33 Bracer
37:41 Forging
38:32 Leather Archer Armor
38:01 Heavy Demolition Ship
40:30 Ring Archer Armor
41:03 Conscription
42:01 Scale Mail Armor
43:07 Pikeman
45:00 Light Cavalry
Connection lost

Rejoining the realm…

Still unreachable

The connection could not be restored.

Session expired

The server has moved on; the page needs a fresh start.